[ AOE2 MATCH · #477644955 ]
UnrankedPortuguese vs Mongols
[ REPLAY ANALYSIS · EXTRACTED FROM THE RECORDED GAME ]
Feudal
—
Castle
—
Imperial
—
| APM avg | 11.3 |
| APM peak | 27 |
| eAPM avg | 9.9 |
| Villagers / military | 158 / 257 |
Focus
⚔️ 32.6% · 🌾 67.4%
Organ Gun ×145 · Spearman ×110 · Trebuchet (Packed) ×2
Feudal
—
Castle
—
Imperial
—
| APM avg | 17.5 |
| APM peak | 41 |
| eAPM avg | 14.4 |
| Villagers / military | 152 / 176 |
Focus
⚔️ 30.6% · 🌾 69.4%
Serjeant ×93 · Knight ×76 · Trebuchet (Packed) ×7
Feudal
—
Castle
—
Imperial
—
| APM avg | 21.9 |
| APM peak | 39 |
| eAPM avg | 15.8 |
| Villagers / military | 173 / 221 |
Focus
⚔️ 36.0% · 🌾 64.0%
Knight ×155 · Archer ×28 · Scout Cavalry ×15 · Monk ×12 · Trade Cart ×8 · Trebuchet (Packed) ×6
Feudal
—
Castle
—
Imperial
—
| APM avg | 16.0 |
| APM peak | 46 |
| eAPM avg | 9.8 |
| Villagers / military | 149 / 162 |
Focus
⚔️ 29.3% · 🌾 70.7%
Spearman ×95 · Mangudai ×24 · Skirmisher ×20 · Camel Scout ×13 · Scout Cavalry ×6 · Monk ×4
Feudal
—
Castle
—
Imperial
—
| APM avg | 24.9 |
| APM peak | 69 |
| eAPM avg | 13.8 |
| Villagers / military | 178 / 222 |
Focus
⚔️ 32.0% · 🌾 68.0%
Spearman ×141 · Steppe Lancer ×72 · Unknown (1908) ×58 · Unknown (1911) ×7 · Scout Cavalry ×6 · Trebuchet (Packed) ×2
Feudal
13:48
Castle
17:57
Imperial
36:07
| APM avg | 24.5 |
| APM peak | 82 |
| eAPM avg | 15.4 |
| Villagers / military | 126 / 230 |
Focus
⚔️ 44.2% · 🌾 55.8%
Berserk ×147 · Scorpion ×66 · Battering Ram ×11 · Trebuchet (Packed) ×3 · Monk ×2 · Spearman ×1
Match map
Initial resources + every placement click. Lines = walls · curves = elevation contours. ◆ gold · ⬟ stone · ● berries · ✦ relic · ◌ wall gap
Your base· Open — unwalled flank
pandosopoderoso's base· Open — unwalled flank
EPIC_25o's base· Open — unwalled flank
SucukEmre79's base· Open — 4t gap
ArkaelS4's base· Open — unwalled flank
CMD_negroterrazas's base· Open — unwalled flank
Smoothed initial terrain · ◌ = detected wall gap · hover for details
Inputs per minute
— helpsu - - pandosopoderoso
Build order — helpsu
First 150 of 326 actions detected
| 0:04 | Build | House |
| 0:04 | Build | House |
| 0:04 | Build | House |
| 0:05 | Build | House |
| 0:41 | Create | Villager (Male) |
| 0:42 | Create | Villager (Male) |
| 0:42 | Create | Villager (Male) |
| 0:42 | Create | Villager (Male) |
| 1:43 | Build | Mill |
| 2:29 | Research | Loom |
| 3:00 | Create | Villager (Male) |
| 3:59 | Create | Villager (Male) |
| 4:29 | Create | Villager (Male) ×3 |
| 5:18 | Create | Villager (Male) |
| 5:19 | Create | Villager (Male) |
| 5:36 | Build | House |
| 6:08 | Build | Mill |
| 6:34 | Create | Villager (Male) ×4 |
| 7:15 | Create | Villager (Male) |
| 7:57 | Build | Lumber Camp |
| 8:00 | Create | Villager (Male) ×3 |
| 8:00 | Create | Villager (Male) ×3 |
| 8:52 | Create | Villager (Male) |
| 8:52 | Create | Villager (Male) |
| 9:26 | Research | Feudal Age |
| 10:07 | Build | House |
| 10:22 | Create | Villager (Male) ×4 |
| 10:22 | Create | Villager (Male) ×4 |
| 11:08 | Build | Mining Camp |
| 11:21 | Create | Villager (Male) ×5 |
| 11:21 | Create | Villager (Male) |
| 11:39 | Build | House |
| 11:46 | Build | Building 490 |
| 11:52 | Create | Villager (Male) ×2 |
| 12:04 | Build | Market |
| 12:45 | Build | Blacksmith |
| 13:07 | Build | Farm |
| 13:22 | Build | Farm |
| 13:33 | Build | Farm |
| 13:45 | Build | Farm |
| 14:11 | Build | Farm |
| 14:34 | Build | Farm |
| 14:52 | Build | Mining Camp |
| 15:09 | Build | Farm |
| 15:09 | Build | Farm |
| 15:17 | Build | Farm |
| 15:43 | Research | Castle Age |
| 15:43 | Research | Castle Age |
| 16:12 | Build | House |
| 16:16 | Build | House |
| 16:21 | Create | Villager (Male) |
| 16:44 | Research | Horse Collar |
| 17:13 | Research | Double-Bit Axe |
| 17:43 | Create | Villager (Male) |
| 18:03 | Create | Villager (Male) |
| 18:03 | Create | Villager (Male) ×2 |
| 18:12 | Build | Farm |
| 18:12 | Build | Farm |
| 18:27 | Build | Town Center |
| 18:41 | Build | Farm |
| 19:07 | Build | Building 490 |
| 19:12 | Build | House |
| 19:26 | Create | Villager (Male) ×4 |
| 19:27 | Create | Villager (Male) ×4 |
| 19:48 | Create | Villager (Male) |
| 19:48 | Create | Villager (Male) |
| 20:17 | Create | Villager (Male) ×2 |
| 20:17 | Create | Villager (Male) ×2 |
| 20:24 | Build | Farm |
| 20:40 | Create | Villager (Male) ×2 |
| 20:41 | Create | Villager (Male) ×2 |
| 21:02 | Build | Castle |
| 21:07 | Create | Villager (Male) ×2 |
| 21:07 | Create | Villager (Male) ×2 |
| 21:34 | Build | Town Center |
| 21:38 | Create | Villager (Male) ×2 |
| 22:07 | Create | Villager (Male) ×2 |
| 22:07 | Create | Villager (Male) ×2 |
| 22:20 | Create | Villager (Male) ×2 |
| 22:20 | Create | Villager (Male) ×2 |
| 22:32 | Build | Mining Camp |
| 22:40 | Create | Villager (Male) |
| 22:58 | Create | Villager (Male) ×5 |
| 22:58 | Create | Villager (Male) ×5 |
| 23:08 | Build | Mining Camp |
| 23:15 | Create | Villager (Male) ×2 |
| 23:19 | Create | Organ Gun ×2 |
| 23:19 | Create | Organ Gun ×2 |
| 23:29 | Build | House |
| 23:31 | Build | House |
| 23:33 | Build | House |
| 23:41 | Build | Stone Wall |
| 23:49 | Create | Villager (Male) ×3 |
| 23:49 | Create | Villager (Male) ×3 |
| 24:01 | Create | Organ Gun |
| 24:02 | Create | Organ Gun |
| 24:23 | Build | Farm |
| 24:26 | Create | Villager (Male) ×2 |
| 24:26 | Create | Villager (Male) ×2 |
| 24:42 | Create | Villager (Male) |
| 24:42 | Create | Villager (Male) |
| 24:44 | Create | Organ Gun ×2 |
| 24:45 | Create | Organ Gun ×2 |
| 24:58 | Build | House |
| 25:03 | Build | House |
| 25:13 | Build | Building 490 |
| 25:21 | Create | Villager (Male) ×3 |
| 25:24 | Create | Organ Gun ×3 |
| 25:36 | Build | Building 490 |
| 25:43 | Create | Villager (Male) |
| 25:43 | Create | Villager (Male) |
| 25:48 | Build | Farm |
| 25:48 | Build | Farm |
| 25:49 | Build | Farm |
| 25:56 | Create | Villager (Male) |
| 25:59 | Create | Organ Gun ×2 |
| 25:59 | Create | Organ Gun ×2 |
| 26:16 | Research | Stone Mining |
| 26:19 | Research | Gold Mining |
| 26:23 | Create | Villager (Male) |
| 26:23 | Create | Villager (Male) |
| 26:27 | Create | Organ Gun |
| 26:28 | Create | Organ Gun |
| 26:46 | Create | Villager (Male) |
| 26:46 | Create | Villager (Male) |
| 26:47 | Create | Villager (Male) |
| 26:47 | Create | Villager (Male) |
| 26:54 | Build | Farm |
| 26:54 | Build | Farm |
| 26:54 | Build | Farm |
| 26:55 | Build | Farm |
| 27:10 | Build | Barracks |
| 27:19 | Build | Castle |
| 27:26 | Create | Villager (Male) ×3 |
| 27:34 | Build | Barracks |
| 27:43 | Create | Villager (Male) |
| 27:43 | Create | Villager (Male) ×2 |
| 27:44 | Create | Villager (Male) |
| 27:47 | Create | Organ Gun ×2 |
| 27:47 | Create | Organ Gun ×2 |
| 28:12 | Build | House |
| 28:19 | Build | House |
| 28:23 | Build | House |
| 28:24 | Build | House |
| 28:33 | Build | Building 490 |
| 28:39 | Build | House |
| 28:40 | Build | House |
| 28:47 | Research | Wheelbarrow |
| 28:48 | Create | Villager (Male) ×4 |
| 28:58 | Create | Organ Gun ×5 |
Build order — pandosopoderoso
First 150 of 440 actions detected
| 0:01 | Create | Villager (Male) ×4 |
| 0:04 | Build | House |
| 0:10 | Build | House |
| 1:43 | Create | Villager (Male) |
| 1:50 | Build | Lumber Camp |
| 2:09 | Create | Villager (Male) |
| 2:46 | Create | Villager (Male) |
| 2:47 | Create | Villager (Male) |
| 3:33 | Create | Villager (Male) |
| 3:56 | Create | Villager (Male) |
| 4:14 | Create | Villager (Male) |
| 4:37 | Build | House |
| 4:40 | Build | House |
| 4:41 | Build | House |
| 4:58 | Create | Villager (Male) |
| 4:58 | Create | Villager (Male) |
| 5:19 | Create | Villager (Male) |
| 5:49 | Build | Mill |
| 6:09 | Create | Villager (Male) |
| 7:00 | Create | Villager (Male) |
| 7:00 | Create | Villager (Male) |
| 7:00 | Create | Villager (Male) |
| 7:23 | Create | Villager (Male) |
| 7:35 | Build | Mining Camp |
| 7:56 | Create | Villager (Male) |
| 8:30 | Create | Villager (Male) |
| 9:27 | Research | Feudal Age |
| 11:05 | Research | Loom |
| 11:10 | Create | Villager (Male) |
| 11:10 | Create | Villager (Male) |
| 11:46 | Build | Market |
| 11:50 | Build | Blacksmith |
| 12:27 | Research | Double-Bit Axe |
| 12:50 | Research | Castle Age |
| 13:08 | Research | Horse Collar |
| 13:16 | Build | Lumber Camp |
| 14:26 | Build | Farm |
| 14:27 | Build | Farm |
| 14:28 | Build | Farm |
| 14:29 | Build | Farm |
| 14:30 | Build | Farm |
| 14:34 | Build | Farm |
| 14:59 | Create | Villager (Male) |
| 14:59 | Create | Villager (Male) |
| 15:27 | Create | Villager (Male) |
| 15:42 | Build | Town Center |
| 15:49 | Research | Bow Saw |
| 16:02 | Build | House |
| 16:04 | Build | House |
| 16:06 | Build | House |
| 16:08 | Build | House |
| 16:13 | Research | Heavy Plow |
| 16:37 | Create | Villager (Male) |
| 16:37 | Create | Villager (Male) |
| 16:40 | Create | Villager (Male) |
| 16:51 | Build | Town Center |
| 17:17 | Create | Villager (Male) |
| 17:17 | Create | Villager (Male) |
| 17:25 | Build | Farm |
| 17:25 | Build | Farm |
| 17:25 | Build | Farm |
| 17:26 | Build | Farm |
| 17:28 | Build | Farm |
| 17:38 | Create | Villager (Male) |
| 17:46 | Build | Farm |
| 17:51 | Build | Farm |
| 17:55 | Create | Villager (Male) |
| 18:05 | Build | Farm |
| 18:05 | Build | Farm |
| 18:11 | Build | Farm |
| 18:19 | Build | House |
| 18:21 | Build | House |
| 18:23 | Build | House |
| 18:27 | Create | Villager (Male) |
| 18:35 | Build | Farm |
| 18:35 | Build | Farm |
| 18:36 | Build | Farm |
| 18:42 | Create | Villager (Male) |
| 18:44 | Create | Villager (Male) |
| 18:48 | Create | Villager (Male) |
| 18:54 | Build | Farm |
| 19:01 | Build | Farm |
| 19:06 | Build | Farm |
| 19:11 | Build | Farm |
| 19:14 | Create | Villager (Male) |
| 19:16 | Create | Villager (Male) |
| 19:19 | Create | Villager (Male) |
| 19:24 | Build | Farm |
| 19:28 | Build | Farm |
| 19:36 | Build | Farm |
| 19:43 | Create | Villager (Male) |
| 19:43 | Create | Villager (Male) |
| 19:43 | Create | Villager (Male) |
| 19:51 | Build | Farm |
| 19:58 | Build | Farm |
| 20:05 | Build | Farm |
| 20:11 | Build | House |
| 20:12 | Build | House |
| 20:17 | Build | House |
| 20:19 | Create | Villager (Male) |
| 20:19 | Create | Villager (Male) |
| 20:19 | Create | Villager (Male) |
| 20:22 | Create | Villager (Male) |
| 20:22 | Create | Villager (Male) |
| 20:22 | Create | Villager (Male) |
| 20:29 | Build | Farm |
| 21:08 | Build | Town Center |
| 21:10 | Create | Villager (Male) |
| 21:10 | Create | Villager (Male) |
| 21:10 | Create | Villager (Male) |
| 21:10 | Create | Villager (Male) |
| 21:10 | Create | Villager (Male) |
| 21:10 | Create | Villager (Male) |
| 21:21 | Create | Villager (Male) |
| 21:21 | Create | Villager (Male) |
| 21:21 | Create | Villager (Male) |
| 21:30 | Build | House |
| 21:31 | Build | House |
| 21:33 | Create | Villager (Male) |
| 21:33 | Create | Villager (Male) |
| 21:33 | Create | Villager (Male) |
| 22:07 | Build | Farm |
| 22:07 | Build | Farm |
| 22:07 | Build | Farm |
| 22:08 | Build | Farm |
| 22:09 | Build | Farm |
| 22:09 | Build | Farm |
| 22:12 | Create | Villager (Male) |
| 22:12 | Create | Villager (Male) |
| 22:18 | Create | Villager (Male) |
| 22:18 | Create | Villager (Male) |
| 22:18 | Create | Villager (Male) |
| 22:18 | Create | Villager (Male) |
| 22:26 | Build | House |
| 22:27 | Build | House |
| 22:47 | Build | Town Center |
| 22:52 | Create | Villager (Male) |
| 22:52 | Create | Villager (Male) |
| 22:52 | Create | Villager (Male) |
| 22:52 | Create | Villager (Male) |
| 22:52 | Create | Villager (Male) |
| 22:52 | Create | Villager (Male) |
| 22:52 | Create | Villager (Male) |
| 22:52 | Create | Villager (Male) |
| 22:59 | Build | House |
| 23:06 | Research | Gold Mining |
| 23:15 | Build | Farm |
| 23:15 | Build | Farm |
| 23:27 | Build | Farm |
| 23:28 | Build | Farm |
Build order — EPIC_25o
First 150 of 438 actions detected
| 0:01 | Create | Villager (Male) |
| 0:01 | Create | Villager (Male) |
| 0:04 | Build | House |
| 0:05 | Build | House |
| 0:44 | Create | Villager (Male) |
| 1:07 | Create | Villager (Male) |
| 1:20 | Create | Villager (Male) |
| 1:33 | Create | Villager (Male) |
| 1:45 | Build | Lumber Camp |
| 1:59 | Create | Villager (Male) |
| 2:34 | Create | Villager (Male) |
| 3:17 | Create | Villager (Male) |
| 3:38 | Build | House |
| 3:42 | Create | Villager (Male) |
| 3:58 | Create | Villager (Male) |
| 4:09 | Create | Villager (Male) |
| 4:24 | Create | Villager (Male) |
| 4:49 | Create | Villager (Male) |
| 5:29 | Create | Villager (Male) |
| 5:50 | Build | House |
| 6:04 | Create | Villager (Male) |
| 6:22 | Build | Mill |
| 6:24 | Create | Villager (Male) |
| 6:51 | Create | Villager (Male) |
| 7:09 | Create | Villager (Male) |
| 7:30 | Research | Loom |
| 7:39 | Research | Feudal Age |
| 8:01 | Build | Farm |
| 8:02 | Build | Farm |
| 8:20 | Build | Mining Camp |
| 8:32 | Create | Villager (Male) |
| 8:32 | Create | Villager (Male) |
| 8:43 | Build | House |
| 9:49 | Build | Market |
| 9:56 | Build | Blacksmith |
| 10:09 | Build | Farm |
| 10:10 | Create | Villager (Male) |
| 10:19 | Research | Loom |
| 10:24 | Build | Farm |
| 10:55 | Create | Villager (Male) |
| 11:29 | Research | Castle Age |
| 12:34 | Research | Double-Bit Axe |
| 12:51 | Create | Villager (Male) |
| 12:52 | Create | Villager (Male) |
| 13:27 | Build | House |
| 13:58 | Build | Town Center |
| 14:17 | Build | Monastery |
| 14:21 | Create | Villager (Male) |
| 14:40 | Build | Farm |
| 14:53 | Create | Monk |
| 14:53 | Create | Monk |
| 14:59 | Create | Villager (Male) |
| 15:07 | Build | Farm |
| 15:10 | Create | Villager (Male) |
| 15:12 | Create | Villager (Male) |
| 15:18 | Create | Villager (Male) |
| 15:18 | Create | Villager (Male) |
| 15:19 | Create | Villager (Male) |
| 15:24 | Build | Farm |
| 15:33 | Build | Farm |
| 15:46 | Create | Villager (Male) |
| 15:46 | Create | Villager (Male) |
| 15:56 | Create | Villager (Male) |
| 15:56 | Create | Villager (Male) |
| 16:02 | Build | Farm |
| 16:12 | Build | Farm |
| 16:15 | Create | Villager (Male) |
| 16:15 | Create | Villager (Male) |
| 16:44 | Create | Villager (Male) |
| 16:44 | Create | Villager (Male) |
| 16:59 | Create | Monk |
| 17:03 | Build | House |
| 17:04 | Create | Villager (Male) |
| 17:04 | Create | Villager (Male) |
| 17:12 | Build | Farm |
| 17:13 | Build | Farm |
| 17:45 | Build | House |
| 17:47 | Build | House |
| 17:56 | Build | Town Center |
| 18:02 | Create | Villager (Male) |
| 18:02 | Create | Villager (Male) |
| 18:07 | Build | Farm |
| 18:08 | Build | Farm |
| 18:12 | Build | House |
| 18:14 | Build | House |
| 18:16 | Build | House |
| 18:19 | Build | House |
| 18:21 | Create | Villager (Male) |
| 18:21 | Create | Villager (Male) |
| 18:25 | Research | Wheelbarrow |
| 18:27 | Create | Villager (Male) |
| 18:27 | Create | Villager (Male) |
| 18:53 | Build | Farm |
| 18:55 | Create | Villager (Male) |
| 19:01 | Create | Villager (Male) |
| 19:03 | Create | Villager (Male) |
| 19:03 | Create | Villager (Male) |
| 19:11 | Build | Barracks |
| 19:15 | Create | Villager (Male) |
| 19:15 | Create | Villager (Male) |
| 19:29 | Create | Villager (Male) |
| 19:29 | Create | Villager (Male) |
| 19:34 | Build | Farm |
| 20:08 | Build | Farm |
| 20:08 | Build | Farm |
| 20:10 | Create | Villager (Male) |
| 20:10 | Create | Villager (Male) |
| 20:10 | Create | Villager (Male) |
| 20:11 | Create | Villager (Male) |
| 20:11 | Create | Villager (Male) |
| 20:11 | Create | Villager (Male) |
| 20:17 | Build | Farm |
| 20:17 | Build | Farm |
| 20:22 | Create | Villager (Male) |
| 20:22 | Create | Villager (Male) |
| 20:22 | Create | Villager (Male) |
| 20:44 | Build | Mining Camp |
| 20:53 | Build | House |
| 20:55 | Create | Spearman |
| 20:56 | Create | Villager (Male) |
| 20:56 | Create | Villager (Male) |
| 20:56 | Create | Villager (Male) |
| 21:04 | Build | Farm |
| 21:04 | Build | Farm |
| 21:05 | Build | Farm |
| 21:05 | Build | Farm |
| 21:08 | Create | Monk |
| 21:28 | Build | House |
| 21:33 | Build | Stable |
| 21:53 | Create | Spearman |
| 21:54 | Create | Spearman |
| 21:55 | Create | Villager (Male) |
| 21:55 | Create | Villager (Male) |
| 21:55 | Create | Villager (Male) |
| 21:56 | Create | Villager (Male) |
| 21:56 | Create | Villager (Male) |
| 21:56 | Create | Villager (Male) |
| 22:02 | Build | Farm |
| 22:02 | Build | Farm |
| 22:03 | Build | Farm |
| 22:05 | Create | Villager (Male) |
| 22:05 | Create | Villager (Male) |
| 22:05 | Create | Villager (Male) |
| 22:18 | Create | Villager (Male) |
| 22:18 | Create | Villager (Male) |
| 22:18 | Create | Villager (Male) |
| 22:19 | Create | Monk |
| 22:22 | Create | Spearman |
| 22:44 | Build | Farm |
| 22:46 | Create | Villager (Male) |
Build order — SucukEmre79
First 150 of 359 actions detected
| 0:01 | Create | Villager (Male) |
| 0:02 | Create | Villager (Male) |
| 0:02 | Create | Villager (Male) |
| 0:02 | Create | Villager (Male) |
| 0:02 | Create | Villager (Male) |
| 0:06 | Build | House |
| 0:09 | Build | House |
| 1:34 | Create | Villager (Male) |
| 1:49 | Create | Villager (Male) |
| 1:58 | Build | Lumber Camp |
| 2:28 | Create | Villager (Male) |
| 3:00 | Create | Villager (Male) |
| 3:24 | Create | Villager (Male) |
| 3:50 | Create | Villager (Male) |
| 3:58 | Build | Mill |
| 4:07 | Create | Villager (Male) |
| 4:25 | Build | House |
| 4:47 | Create | Villager (Male) |
| 4:48 | Create | Villager (Male) |
| 4:48 | Create | Villager (Male) |
| 5:11 | Create | Villager (Male) |
| 5:11 | Create | Villager (Male) |
| 5:15 | Build | House |
| 5:58 | Create | Villager (Male) |
| 6:31 | Create | Villager (Male) |
| 6:32 | Create | Villager (Male) |
| 6:49 | Build | Mill |
| 8:15 | Research | Feudal Age |
| 9:02 | Create | Villager (Male) |
| 9:02 | Create | Villager (Male) |
| 9:27 | Build | Barracks |
| 10:17 | Create | Villager (Male) |
| 10:18 | Create | Villager (Male) |
| 10:20 | Create | Villager (Male) |
| 10:20 | Create | Villager (Male) |
| 10:34 | Build | Market |
| 10:44 | Build | Blacksmith |
| 10:45 | Create | Villager (Male) |
| 11:02 | Build | Mining Camp |
| 11:38 | Build | House |
| 11:47 | Build | House |
| 11:48 | Build | House |
| 11:49 | Build | House |
| 12:12 | Build | Farm |
| 12:13 | Build | Farm |
| 12:39 | Build | Farm |
| 13:04 | Build | Farm |
| 13:31 | Build | Farm |
| 13:46 | Build | Mining Camp |
| 13:47 | Research | Castle Age |
| 14:11 | Research | Double-Bit Axe |
| 15:19 | Research | Stone Mining |
| 15:23 | Research | Gold Mining |
| 16:42 | Build | Town Center |
| 16:43 | Create | Villager (Male) |
| 16:44 | Create | Villager (Male) |
| 16:44 | Create | Villager (Male) |
| 17:15 | Build | Farm |
| 17:39 | Build | Farm |
| 17:58 | Build | Monastery |
| 18:05 | Create | Villager (Male) |
| 18:05 | Create | Villager (Male) |
| 18:06 | Create | Villager (Male) |
| 18:06 | Create | Villager (Male) |
| 18:07 | Create | Villager (Male) |
| 18:07 | Create | Villager (Male) |
| 18:12 | Build | Farm |
| 18:16 | Build | Farm |
| 18:35 | Build | Farm |
| 18:42 | Build | Farm |
| 18:52 | Research | Padded Archer Armor |
| 18:57 | Create | Monk |
| 19:23 | Create | Villager (Male) |
| 19:23 | Create | Villager (Male) |
| 19:26 | Build | Farm |
| 19:30 | Build | Farm |
| 19:57 | Build | Farm |
| 20:07 | Build | Farm |
| 20:09 | Create | Villager (Male) |
| 20:09 | Create | Villager (Male) |
| 20:11 | Research | Fletching |
| 20:27 | Build | University |
| 20:31 | Create | Villager (Male) |
| 20:31 | Create | Villager (Male) |
| 20:44 | Build | Castle |
| 20:48 | Build | Farm |
| 20:48 | Build | Farm |
| 20:51 | Research | Horse Collar |
| 21:25 | Create | Villager (Male) |
| 21:25 | Create | Villager (Male) |
| 21:48 | Create | Monk |
| 21:49 | Create | Villager (Male) |
| 21:49 | Create | Villager (Male) |
| 22:11 | Create | Villager (Male) |
| 22:11 | Create | Villager (Male) |
| 22:58 | Build | Town Center |
| 23:00 | Create | Villager (Male) |
| 23:00 | Create | Villager (Male) |
| 23:02 | Create | Mangudai |
| 23:11 | Create | Villager (Male) |
| 23:11 | Create | Villager (Male) |
| 23:14 | Research | Leather Archer Armor |
| 23:37 | Create | Mangudai |
| 23:37 | Create | Mangudai |
| 23:41 | Create | Villager (Male) |
| 23:41 | Create | Villager (Male) |
| 23:41 | Create | Villager (Male) |
| 23:41 | Create | Villager (Male) |
| 23:55 | Build | Farm |
| 23:55 | Build | Farm |
| 23:57 | Create | Villager (Male) |
| 23:57 | Create | Villager (Male) |
| 23:57 | Create | Villager (Male) |
| 24:36 | Build | Farm |
| 24:36 | Build | Farm |
| 24:37 | Build | Farm |
| 24:38 | Create | Villager (Male) |
| 24:38 | Create | Villager (Male) |
| 24:38 | Create | Villager (Male) |
| 24:58 | Create | Villager (Male) |
| 24:58 | Create | Villager (Male) |
| 24:58 | Create | Villager (Male) |
| 24:59 | Create | Monk |
| 25:02 | Build | Farm |
| 25:02 | Build | Farm |
| 25:02 | Build | Farm |
| 25:19 | Create | Mangudai |
| 25:19 | Create | Mangudai |
| 25:21 | Create | Villager (Male) |
| 25:21 | Create | Villager (Male) |
| 25:21 | Create | Villager (Male) |
| 25:40 | Research | Gold Shaft Mining |
| 25:45 | Create | Mangudai |
| 25:46 | Create | Mangudai |
| 25:49 | Create | Villager (Male) |
| 25:49 | Create | Villager (Male) |
| 25:49 | Create | Villager (Male) |
| 26:04 | Create | Villager (Male) |
| 26:04 | Create | Villager (Male) |
| 26:04 | Create | Villager (Male) |
| 26:07 | Build | Farm |
| 26:08 | Build | Farm |
| 26:08 | Build | Farm |
| 26:39 | Build | House |
| 26:40 | Build | House |
| 26:41 | Create | Villager (Male) |
| 26:41 | Create | Villager (Male) |
| 26:41 | Create | Villager (Male) |
| 26:46 | Build | House |
| 26:46 | Build | House |
Build order — ArkaelS4
First 150 of 471 actions detected
| 0:03 | Build | House |
| 0:06 | Build | House |
| 0:07 | Create | Villager (Male) |
| 0:08 | Create | Villager (Male) |
| 0:08 | Create | Villager (Male) |
| 0:08 | Create | Villager (Male) |
| 1:33 | Create | Villager (Male) |
| 2:04 | Create | Villager (Male) |
| 2:13 | Create | Villager (Male) |
| 2:56 | Create | Villager (Male) |
| 2:57 | Create | Villager (Male) |
| 3:25 | Create | Villager (Male) |
| 3:25 | Create | Villager (Male) |
| 3:49 | Create | Villager (Male) |
| 4:01 | Build | House |
| 4:25 | Create | Villager (Male) |
| 4:29 | Create | Villager (Male) |
| 4:29 | Create | Villager (Male) |
| 4:42 | Create | Villager (Male) |
| 4:43 | Create | Villager (Male) |
| 4:48 | Build | Lumber Camp |
| 6:03 | Create | Villager (Male) |
| 6:04 | Create | Villager (Male) |
| 6:45 | Build | Mill |
| 6:49 | Build | House |
| 6:58 | Build | House |
| 7:00 | Build | House |
| 7:21 | Create | Villager (Male) |
| 7:22 | Create | Villager (Male) |
| 7:52 | Create | Villager (Male) |
| 7:53 | Create | Villager (Male) |
| 8:43 | Create | Villager (Male) |
| 8:44 | Create | Villager (Male) |
| 9:30 | Build | Mining Camp |
| 9:39 | Create | Villager (Male) |
| 9:58 | Create | Villager (Male) |
| 10:41 | Research | Feudal Age |
| 11:03 | Build | Mining Camp |
| 13:02 | Build | House |
| 13:17 | Build | Market |
| 13:23 | Build | Blacksmith |
| 13:26 | Create | Villager (Male) |
| 13:26 | Create | Villager (Male) |
| 13:41 | Research | Double-Bit Axe |
| 14:15 | Research | Castle Age |
| 14:21 | Build | Barracks |
| 15:03 | Build | Stable |
| 15:06 | Create | Villager (Male) |
| 15:06 | Create | Villager (Male) |
| 15:07 | Create | Villager (Male) |
| 15:55 | Create | Scout Cavalry |
| 16:02 | Create | Scout Cavalry |
| 16:47 | Build | Farm |
| 16:48 | Build | Farm |
| 16:50 | Build | Farm |
| 16:51 | Build | Farm |
| 16:52 | Build | Farm |
| 17:12 | Build | Town Center |
| 17:34 | Create | Villager (Male) |
| 17:39 | Build | House |
| 17:44 | Build | House |
| 17:50 | Build | Castle |
| 17:57 | Research | Light Cavalry (upgrade) |
| 18:02 | Create | Villager (Male) |
| 18:34 | Create | Villager (Male) |
| 18:40 | Build | Town Center |
| 18:49 | Create | Villager (Male) |
| 19:04 | Build | Farm |
| 19:21 | Create | Villager (Male) |
| 19:29 | Build | Farm |
| 19:58 | Create | Villager (Male) |
| 20:00 | Create | Villager (Male) |
| 20:06 | Build | Farm |
| 20:07 | Build | Farm |
| 20:07 | Build | Farm |
| 20:07 | Build | Farm |
| 20:07 | Build | Farm |
| 20:08 | Build | Farm |
| 20:24 | Create | Villager (Male) |
| 20:33 | Build | Farm |
| 20:36 | Build | Farm |
| 20:43 | Build | Farm |
| 20:48 | Create | Villager (Male) |
| 20:54 | Build | Farm |
| 21:00 | Create | Villager (Male) |
| 21:11 | Create | Villager (Male) |
| 21:13 | Create | Villager (Male) |
| 21:25 | Create | Villager (Male) |
| 21:26 | Create | Villager (Male) |
| 21:33 | Build | Farm |
| 21:46 | Build | Farm |
| 21:48 | Create | Villager (Male) |
| 21:54 | Create | Villager (Male) |
| 21:57 | Build | Monastery |
| 21:59 | Build | House |
| 22:01 | Create | Villager (Male) |
| 22:04 | Create | Villager (Male) |
| 22:11 | Build | Farm |
| 22:16 | Build | Farm |
| 22:24 | Create | Villager (Male) |
| 22:25 | Create | Villager (Male) |
| 22:34 | Create | Villager (Male) |
| 22:48 | Create | Villager (Male) |
| 22:50 | Create | Villager (Male) |
| 22:52 | Create | Monk |
| 23:06 | Build | Town Center |
| 23:09 | Create | Villager (Male) |
| 23:11 | Create | Villager (Male) |
| 23:14 | Build | Farm |
| 23:17 | Create | Villager (Male) |
| 23:21 | Build | Farm |
| 23:41 | Create | Villager (Male) |
| 23:42 | Create | Villager (Male) |
| 23:43 | Create | Villager (Male) |
| 23:57 | Create | Villager (Male) |
| 23:58 | Create | Villager (Male) |
| 24:00 | Create | Villager (Male) |
| 24:08 | Build | Farm |
| 24:09 | Build | Farm |
| 24:10 | Build | Farm |
| 24:10 | Build | Farm |
| 24:13 | Research | Horse Collar |
| 24:24 | Build | Farm |
| 24:25 | Create | Villager (Male) |
| 24:27 | Create | Villager (Male) |
| 24:30 | Create | Villager (Male) |
| 24:53 | Build | Farm |
| 24:53 | Build | Farm |
| 24:53 | Build | Farm |
| 24:53 | Build | Farm |
| 24:54 | Build | Farm |
| 24:54 | Build | Farm |
| 24:58 | Create | Villager (Male) |
| 24:59 | Create | Villager (Male) |
| 25:06 | Build | Lumber Camp |
| 25:08 | Create | Villager (Male) |
| 25:15 | Build | Farm |
| 25:19 | Create | Villager (Male) |
| 25:27 | Create | Villager (Male) |
| 25:27 | Create | Villager (Male) |
| 25:27 | Create | Villager (Male) |
| 25:27 | Create | Villager (Male) |
| 25:32 | Create | Villager (Male) |
| 25:32 | Create | Villager (Male) |
| 25:32 | Create | Villager (Male) |
| 25:32 | Create | Villager (Male) |
| 25:32 | Create | Villager (Male) |
| 25:32 | Create | Villager (Male) |
| 25:32 | Create | Villager (Male) |
| 25:32 | Create | Villager (Male) |
Build order — CMD_negroterrazas
First 150 of 504 actions detected
| 0:07 | Build | House |
| 0:09 | Build | House |
| 0:10 | Create | Villager (Male) |
| 0:10 | Create | Villager (Male) |
| 0:11 | Create | Villager (Male) |
| 0:11 | Create | Villager (Male) |
| 0:11 | Create | Villager (Male) |
| 0:11 | Create | Villager (Male) |
| 1:40 | Create | Villager (Male) |
| 1:54 | Build | Lumber Camp |
| 2:19 | Create | Villager (Male) |
| 2:20 | Create | Villager (Male) |
| 2:20 | Create | Villager (Male) |
| 2:46 | Create | Villager (Male) |
| 2:47 | Create | Villager (Male) |
| 3:15 | Create | Villager (Male) |
| 3:15 | Create | Villager (Male) |
| 3:45 | Create | Villager (Male) |
| 3:46 | Create | Villager (Male) |
| 3:46 | Create | Villager (Male) |
| 4:21 | Build | House |
| 4:22 | Build | House |
| 4:53 | Create | Villager (Male) |
| 4:53 | Create | Villager (Male) |
| 4:54 | Create | Villager (Male) |
| 4:54 | Create | Villager (Male) |
| 4:54 | Create | Villager (Male) |
| 5:35 | Create | Villager (Male) |
| 5:36 | Create | Villager (Male) |
| 5:36 | Create | Villager (Male) |
| 5:36 | Create | Villager (Male) |
| 5:41 | Build | Mill |
| 5:46 | Build | House |
| 5:48 | Build | House |
| 5:51 | Build | House |
| 7:03 | Create | Villager (Male) |
| 7:03 | Create | Villager (Male) |
| 7:03 | Create | Villager (Male) |
| 7:03 | Create | Villager (Male) |
| 7:04 | Create | Villager (Male) |
| 7:04 | Create | Villager (Male) |
| 7:04 | Create | Villager (Male) |
| 7:18 | Build | Barracks |
| 8:23 | Build | Mining Camp |
| 8:29 | Create | Villager (Male) |
| 8:29 | Create | Villager (Male) |
| 8:30 | Create | Villager (Male) |
| 8:30 | Create | Villager (Male) |
| 8:49 | Research | Loom |
| 9:59 | Research | Feudal Age |
| 10:06 | Create | Villager (Male) |
| 10:06 | Create | Villager (Male) |
| 10:12 | Build | Mining Camp |
| 13:48 | Age | Feudal Age |
| 13:50 | Build | Archery Range |
| 13:57 | Build | Blacksmith |
| 14:04 | Create | Villager (Male) |
| 15:16 | Build | House |
| 15:17 | Research | Castle Age |
| 15:23 | Build | House |
| 15:25 | Build | House |
| 15:26 | Build | House |
| 16:15 | Create | Villager (Male) |
| 16:16 | Create | Villager (Male) |
| 16:16 | Create | Villager (Male) |
| 17:32 | Build | Farm |
| 17:33 | Build | Farm |
| 17:34 | Build | Farm |
| 17:35 | Build | Farm |
| 17:36 | Build | Farm |
| 17:52 | Build | Farm |
| 17:54 | Build | Farm |
| 17:55 | Build | Farm |
| 17:57 | Age | Castle Age |
| 18:08 | Build | Castle |
| 18:19 | Build | Town Center |
| 18:27 | Build | Town Center |
| 18:36 | Build | Farm |
| 18:52 | Build | Farm |
| 19:07 | Create | Spearman |
| 19:31 | Create | Villager (Male) |
| 19:31 | Create | Villager (Male) |
| 19:39 | Create | Villager (Male) |
| 19:39 | Create | Villager (Male) |
| 19:39 | Create | Villager (Male) |
| 20:52 | Build | Monastery |
| 20:57 | Create | Villager (Male) |
| 20:57 | Create | Villager (Male) |
| 20:59 | Create | Villager (Male) |
| 21:01 | Create | Villager (Male) |
| 21:01 | Create | Villager (Male) |
| 21:04 | Create | Villager (Male) |
| 21:04 | Create | Villager (Male) |
| 21:30 | Create | Berserk |
| 21:37 | Create | Monk |
| 21:42 | Build | Farm |
| 21:46 | Build | Farm |
| 21:54 | Build | Farm |
| 21:57 | Create | Villager (Male) |
| 21:57 | Create | Villager (Male) |
| 22:04 | Create | Villager (Male) |
| 22:04 | Create | Villager (Male) |
| 22:08 | Build | Farm |
| 22:55 | Create | Monk |
| 23:00 | Build | Farm |
| 23:02 | Build | Farm |
| 23:16 | Create | Berserk |
| 23:16 | Create | Berserk |
| 23:19 | Create | Villager (Male) |
| 23:20 | Create | Villager (Male) |
| 23:20 | Create | Villager (Male) |
| 23:21 | Create | Villager (Male) |
| 23:23 | Create | Villager (Male) |
| 23:24 | Create | Villager (Male) |
| 23:28 | Research | Horse Collar |
| 24:07 | Build | Farm |
| 24:23 | Research | Forging |
| 24:23 | Research | Scale Mail Armor |
| 24:24 | Research | Scale Mail Armor |
| 24:29 | Build | Farm |
| 24:34 | Create | Villager (Male) |
| 24:34 | Create | Villager (Male) |
| 25:02 | Create | Villager (Male) |
| 25:07 | Build | Farm |
| 25:10 | Create | Villager (Male) |
| 25:11 | Create | Villager (Male) |
| 25:14 | Create | Villager (Male) |
| 25:14 | Create | Villager (Male) |
| 25:25 | Build | Mining Camp |
| 25:33 | Build | Mining Camp |
| 25:38 | Research | Double-Bit Axe |
| 25:44 | Research | Gold Mining |
| 25:47 | Build | Farm |
| 25:51 | Create | Villager (Male) |
| 25:55 | Build | Mill |
| 25:58 | Create | Villager (Male) |
| 26:04 | Create | Villager (Male) |
| 26:43 | Build | Farm |
| 26:45 | Build | Farm |
| 26:51 | Build | Farm |
| 26:53 | Create | Villager (Male) |
| 26:54 | Create | Villager (Male) |
| 26:55 | Create | Villager (Male) |
| 26:59 | Create | Villager (Male) |
| 27:00 | Create | Villager (Male) |
| 27:02 | Create | Villager (Male) |
| 27:02 | Create | Villager (Male) |
| 27:05 | Research | Squires |
| 27:40 | Build | Farm |
| 27:42 | Research | Heavy Plow |
Match timeline
| 7:18 | CMD_negroterrazas · first_building Barracks |
| 9:27 | SucukEmre79 · first_building Barracks |
| 10:48 | EPIC_25o · first_market_sell 100 stone |
| 10:50 | EPIC_25o · first_market_buy 100 food |
| 13:48 | CMD_negroterrazas · age_up feudal |
| 13:50 | CMD_negroterrazas · first_building Archery Range |
| 14:17 | EPIC_25o · first_building Monastery |
| 14:21 | ArkaelS4 · first_building Barracks |
| 15:03 | ArkaelS4 · first_building Stable |
| 17:50 | ArkaelS4 · first_building Castle |
| 17:55 | ArkaelS4 · first_market_buy 100 food |
| 17:57 | CMD_negroterrazas · age_up castle |
| 17:58 | SucukEmre79 · first_building Monastery |
| 18:08 | CMD_negroterrazas · first_building Castle |
| 18:28 | SucukEmre79 · first_market_buy 100 stone |
| 19:11 | EPIC_25o · first_building Barracks |
| 20:44 | SucukEmre79 · first_building Castle |
| 20:48 | helpsu · first_market_buy 100 stone |
| 20:52 | CMD_negroterrazas · first_building Monastery |
| 21:02 | helpsu · first_building Castle |
| 21:33 | EPIC_25o · first_building Stable |
| 21:52 | pandosopoderoso · first_market_sell 100 food |
| 21:53 | pandosopoderoso · first_market_buy 100 stone |
| 21:57 | ArkaelS4 · first_building Monastery |
| 23:41 | helpsu · wall_segment Stone Wall x1 |
| 27:10 | helpsu · first_building Barracks |
| 27:13 | SucukEmre79 · first_building Stable |
| 27:45 | pandosopoderoso · first_building Siege Workshop |
| 28:44 | EPIC_25o · first_building Castle |
| 28:57 | pandosopoderoso · first_building Donjon |
| 29:25 | ArkaelS4 · first_market_sell 100 stone |
| 30:59 | SucukEmre79 · first_building Archery Range |
| 31:19 | pandosopoderoso · first_building Castle |
| 33:27 | pandosopoderoso · first_building Stable |
| 33:45 | CMD_negroterrazas · first_building Siege Workshop |
| 35:01 | ArkaelS4 · first_building Archery Range |
| 35:03 | helpsu · first_market_sell 100 food |
| 35:57 | SucukEmre79 · first_building Siege Workshop |
| 36:07 | CMD_negroterrazas · age_up imperial |
| 36:24 | EPIC_25o · first_building Archery Range |
| 40:38 | SucukEmre79 · wall_segment Stone Wall x3 |
| 44:29 | SucukEmre79 · resign |
[ AI ANALYSIS · 1 CREDIT ]
What really happened in this match?
Wolo.gg analyzes every decision: build order, eco, micro, common mistakes by bracket. Personalized analysis on WhatsApp or Discord in 30 seconds.
Civ guide
Portuguese
Perfil
Jugador #22707729